 Dungeon Crawl Stone Soup version 0.18-a0-1782-gb76a692 (webtiles) character file.

19733 poirepourri the Blocker (level 12, -9/110 HPs)
             Began as a Deep Dwarf Fighter on Apr 17, 2016.
             Was a High Priest of Makhleb.
             Mangled by a 12-headed hydra (12 damage)
             ... on level 3 of the Lair of Beasts.
             The game lasted 00:29:45 (11663 turns).

poirepourri the Blocker (Deep Dwarf Fighter)       Turns: 11663, Time: 00:29:45

Health: -9/110     AC: 15    Str: 29    XL:     12   Next: 39%
Magic:  1/1        EV: 17    Int:  9    God:    Makhleb [*****.]
Gold:   583        SH: 13    Dex: 12    Spells: 0 memorised, 11 levels left

rFire  . . .     SeeInvis .     G - +2 war axe (chop)
rCold  x . .     Gourm    .     H - +3 scale mail of the Dice {rC- MR+ Str+4}
rNeg   . . .     Faith    .     c - +0 shield
rPois  .         Spirit   .     d - +0 hat
rElec  .         Dismiss  .     o - +0 cloak
rCorr  .         Reflect  .     r - +0 pair of gloves
SustAt +         Harm     +     A - +0 pair of boots
MR     ++...                    x - amulet of harm
Stlth  +.........               l - ring of sustain attributes
                                D - +3 ring of evasion

@: very slightly contaminated, non-regenerating, very resistant to hostile
enchantments, very unstealthy
A: damage resistance, recharge devices, sense surroundings 2, slow regeneration
3
a: Device Recharging, Minor Destruction, Lesser Servant of Makhleb, Major
Destruction, Greater Servant of Makhleb, Renounce Religion


You were on level 3 of the Lair of Beasts.
You worshipped Makhleb.
Makhleb was extremely pleased with you.
You were not hungry.

You visited 3 branches of the dungeon, and saw 16 of its levels.

You collected 814 gold pieces.
You spent 231 gold pieces at shops.

Inventory:

Hand Weapons
 G - a +2 war axe of chopping (weapon)
Armour
 b - a +0 scale mail
 c - a +0 shield (worn)
 d - a +0 hat (worn)
 o - a +0 cloak (worn)
 r - a +0 pair of gloves (worn)
 A - a +0 pair of boots (worn)
 H - the +3 scale mail of the Dice (worn) {rC- MR+ Str+4}
   (You found it on level 6 of the Dungeon)

   It affects your strength (+4).
   It makes you vulnerable to cold.
   It affects your resistance to hostile enchantments.
 M - the +0 scale mail of Parts Unknown (quivered) {MR+ Stlth+}
   (You found it on level 9 of the Dungeon)

   It affects your resistance to hostile enchantments.
   It makes you more stealthy.
Jewellery
 l - a ring of sustain attributes (right hand)
 x - an amulet of harm (around neck)
 y - an uncursed amulet of faith
 C - a cursed amulet of inaccuracy {unknown}
 D - a +3 ring of evasion (left hand)
 F - an uncursed amulet of guardian spirit {unknown}
 N - a cursed amulet of inaccuracy {unknown}
Wands
 e - a wand of heal wounds (6/9)
 f - a wand of flame (0/48)
 k - a wand of acid (0/15)
 p - a wand of flame (0/48)
 q - a wand of acid (0/15)
 s - a wand of iceblast (0/15)
 E - a wand of polymorph (11/24)
 I - a wand of acid (0/15)
 J - a wand of slowing (9/48)
 O - a wand of polymorph (9/24)
 P - a wand of disintegration (4/24)
 V - a wand of polymorph (9/24)
Scrolls
 B - a scroll of fear
 L - 4 scrolls of teleportation
 Q - a scroll of blinking
Potions
 h - 3 potions of lignification
 j - a potion of curing
 m - a potion of resistance
 t - a potion of agility
 u - 2 potions of flight
 z - a potion of haste
 U - a potion of cancellation
Books
 i - a book of Party Tricks

   Spells                             Type                      Level
   a - Summon Butterflies             Summoning                    1
   b - Apportation                    Translocation                1
   c - Tukima's Dance                 Hexes                        3
   d - Alistair's Intoxication        Transmutation/Poison         5
   e - Invisibility                   Hexes                        6
Comestibles
 a - 3 slices of pizza
 g - 2 meat rations
 n - 4 bread rations
 v - 3 fruits
 w - 3 beef jerkies


   Skills:
 + Level 8.0 Fighting
 + Level 10.7 Axes
 + Level 9.3 Armour
 + Level 10.0 Dodging
 + Level 2.1 Stealth
 + Level 11.1 Shields
 + Level 3.9 Invocations
 + Level 5.5 Evocations


You had 11 spell levels left.
You didn't know any spells.

Dungeon Overview and Level Annotations

Branches:
Dungeon (11/15)            Temple (1/1) D:6            Lair (4/8) D:9
    Orc (0/2) D:9
  Swamp: Lair:3-6    Shoals: Lair:3-6     Snake: Lair:3-6    Spider: Lair:3-6

Altars:
Ashenzari
Cheibriados
Dithmenos
Elyvilon
Fedhas
Gozag
Kikubaaqudgha
Makhleb
Nemelex Xobeh
Okawaru
Pakellas
Qazlal
Ru
Sif Muna
Trog
Vehumet
Xom
Yredelemnul
Zin
The Shining One

Shops:
D:5 %


Innate Abilities, Weirdness & Mutations

You are resistant to damage.
You can recharge devices by infusing magical energy.
You passively map the area around you.
You do not regenerate naturally.


Message History

You block the 12-headed hydra's attack. The 12-headed hydra bites you.
* * * LOW HITPOINT WARNING * * *
The 12-headed hydra bites you but does no damage.
The 12-headed hydra bites you!
* * * LOW HITPOINT WARNING * * *
The 12-headed hydra bites you.
* * * LOW HITPOINT WARNING * * *
The 12-headed hydra completely misses you.
The 12-headed hydra closely misses you.
The 12-headed hydra bites you but does no damage.
Evoke which item? (* to show all) (? for menu, Esc to quit)
Okay, then.
Read which item? (? for menu, Esc to quit)
Blink to where?
Press: ? - help, Dir - move target cursor, f - you
Okay, then.
The 12-headed hydra bites you.
* * * LOW HITPOINT WARNING * * *
You block the 12-headed hydra's attack. The 12-headed hydra bites you!
You die...

#..##....#......###..##.......P.#
#..#.......##...###..#......#P...
....#....+.....#.##...#.....##...
...##.....##.<...#...##.....#....
...#########...#.....#........P..
#...###.##..###..P#P.#P.....#P...
#................####..........##
#................D............≈≈.
................@..........≈≈≈≈≈≈
#.......................>..≈≈≈≈≈≈
.........................§≈≈≈≈≈≈≈
#.........................≈≈≈≈.≈≈
#..............P#.###.##.≈≈≈≈.>.≈
...............##...#.#.#.≈≈≈.≈.≈
........P.......P........≈≈≈≈≈≈≈≈
....#.#.##.....P.......#≈..≈≈≈≈≈≈
...#...................##...≈≈≈≈≈


You could see a 12-headed hydra.

Vanquished Creatures
  Rupert (Lair:3)
  Gastronok (D:8)
  2 hydras (Lair:2)
  2 unseen horrors (D:10)
  Pikel (D:4)
  2 hill giants (D:10)
  3 spiny frogs
  A rime drake (Lair:3)
  A two-headed ogre (D:10)
  3 trolls
  9 blink frogs
  Sigmund (D:2)
  3 hippogriffs
  Eustachio (D:6)
  A hungry ghost (D:7)
  The ghost of barb4r1an the Shield-Bearer, an amateur GrFi of Okawaru (D:3)
  5 water moccasins
  Duvessa (D:6)
  4 porcupines
  10 orc warriors
  A wasp (D:7)
  2 sky beasts
  2 ice beasts
  A black bear (D:7)
  4 slaves (D:4)
  5 ogres
  A necrophage (D:7)
  4 phantoms
  A centaur (D:6)
  4 crocodiles
  2 big kobolds (D:10)
  8 giant frogs
  Dowan (D:6)
  A water moccasin skeleton (D:8)
  9 killer bees (D:8)
  2 howler monkeys
  8 wights (D:10)
  2 electric eels (D:9)
  2 crimson imps
  Crazy Yiuf (D:3)
  9 orc priests
  2 hounds (D:8)
  3 jellies
  16 orc wizards
  8 iguanas
  8 worker ants
  Natasha (twice) (D:4)
  A killer bee zombie (D:5)
  7 sheep
  A hound zombie (D:5)
  2 hound skeletons
  Robin (D:3)
  10 adders
  20 gnolls
  55 river rats
  2 shadow imps (D:5)
  An ooze (D:1)
  2 worms
  4 dart slugs
  4 giant geckos
  37 orcs
  2 ball pythons
  6 bats
  7 giant cockroaches
  10 goblins
  13 hobgoblins
  13 jackals
  3 quokkas
  A giant gecko skeleton (D:5)
  4 giant newts
  17 kobolds
  5 rats
  2 fungi
  A plant (Lair:2)
393 creatures vanquished.

Vanquished Creatures (collateral kills)
  Fannar (Lair:2)
  A catoblepas (Lair:3)
  A fungus (Lair:3)
3 creatures vanquished.

Vanquished Creatures (others)
  A bush (Lair:3)
  4 fungi
5 creatures vanquished.

Grand Total: 401 creatures vanquished

Notes
Turn   | Place    | Note
--------------------------------------------------------------
     0 | D:1      | poirepourri the Deep Dwarf Fighter began the quest for the Orb.
     0 | D:1      | Reached XP level 1. HP: 20/20 MP: 1/1
    25 | D:1      | Reached XP level 2. HP: 20/27 MP: 2/2
   200 | D:1      | Reached XP level 3. HP: 18/33 MP: 3/3
   841 | D:2      | Reached XP level 4. HP: 15/42 MP: 4/4
   853 | D:2      | Reached skill level 4 in Shields
   884 | D:2      | Reached skill level 1 in Dodging
  1161 | D:2      | Noticed Sigmund
  1198 | D:2      | Killed Sigmund
  1198 | D:2      | Reached XP level 5. HP: 31/49 MP: 5/5
  1198 | D:2      | Reached XP level 6. HP: 36/56 MP: 6/6
  1588 | D:3      | Noticed Crazy Yiuf
  1602 | D:3      | Killed Crazy Yiuf
  1774 | D:3      | Found a bloodstained altar of Trog.
  1853 | D:3      | Noticed barb4r1an's ghost (amateur GrFi)
  2007 | D:3      | Reached skill level 5 in Armour
  2034 | D:3      | Noticed Robin
  2051 | D:3      | Killed Robin
  2064 | D:3      | Found a deep blue altar of Sif Muna.
  2314 | D:3      | Killed barb4r1an's ghost
  2314 | D:3      | Reached skill level 5 in Shields
  2314 | D:3      | Reached skill level 1 in Evocations
  2790 | D:4      | Noticed Natasha
  2799 | D:4      | Killed Natasha
  2799 | D:4      | Reached XP level 7. HP: 26/62 MP: 4/4
  3255 | D:4      | Noticed Natasha
  3264 | D:4      | Killed Natasha
  3264 | D:4      | Reached skill level 1 in Stealth
  3343 | D:4      | Noticed Pikel
  3385 | D:4      | Killed Pikel
  3385 | D:4      | Reached XP level 8. HP: 57/72 MP: 3/5
  3529 | D:5      | Entered Level 5 of the Dungeon
  3634 | D:5      | Found Hievuod's Food Emporium.
  3650 | D:5      | Bought a beef jerky for 21 gold pieces
  3650 | D:5      | Bought a meat ration for 70 gold pieces
  3650 | D:5      | Bought a meat ration for 70 gold pieces
  3650 | D:5      | Bought a meat ration for 70 gold pieces
  3852 | D:5      | Reached skill level 6 in Shields
  3855 | D:5      | Found a burning altar of Makhleb.
  3874 | D:5      | Became a worshipper of Makhleb the Destroyer
  3917 | D:5      | Reached skill level 5 in Axes
  3925 | D:5      | Found a blossoming altar of Fedhas.
  4145 | D:6      | Found a staircase to the Ecumenical Temple.
  4148 | D:6      | Reached skill level 5 in Dodging
  4152 | D:6      | Got a heavily runed scale mail
  4166 | D:6      | Identified the +3 scale mail of the Dice {rC- MR+ Str+4} (You found it on level 6 of the Dungeon)
  4205 | Temple   | Entered the Ecumenical Temple
  4743 | D:6      | Found a radiant altar of Vehumet.
  4835 | D:6      | Found a snail-covered altar of Cheibriados.
  4836 | D:6      | Noticed Eustachio
  4861 | D:6      | Noticed Duvessa
  4862 | D:6      | Noticed Dowan
  4879 | D:6      | Killed Duvessa
  4879 | D:6      | Reached * piety under Makhleb
  4883 | D:6      | Killed Dowan
  4883 | D:6      | Reached skill level 5 in Fighting
  4883 | D:6      | Gained mutation: You passively map the area around you. [Deep Dwarf growth]
  4883 | D:6      | Reached XP level 9. HP: 42/81 MP: 3/5
  4894 | D:6      | Killed Eustachio
  5151 | D:7      | Reached skill level 7 in Shields
  5222 | D:7      | Found an opulent altar of Gozag.
  5420 | D:7      | Noticed a troll
  5456 | D:7      | Killed a troll
  5465 | D:7      | Reached ** piety under Makhleb
  5568 | D:7      | Found a shadowy altar of Dithmenos.
  5714 | D:7      | Found a shimmering altar of Xom.
  5723 | D:7      | Reached skill level 8 in Shields
  5905 | D:8      | Reached XP level 10. HP: 32/91 MP: 5/5
  5917 | D:8      | Noticed Gastronok
  5938 | D:8      | Killed Gastronok
  6132 | D:8      | Reached *** piety under Makhleb
  6132 | D:8      | Reached skill level 9 in Shields
  6767 | D:9      | Found a staircase to the Lair.
  6869 | D:9      | Reached **** piety under Makhleb
  6945 | D:9      | Got a heavily runed scale mail
  6992 | D:9      | Found a stormy altar of Qazlal.
  7025 | D:9      | Found a sparkling altar of Nemelex Xobeh.
  7241 | D:9      | Found a staircase to the Orcish Mines.
  7368 | D:9      | Identified the cursed +0 scale mail of Parts Unknown {MR+ Stlth+} (You found it on level 9 of the Dungeon)
  7425 | D:10     | Entered Level 10 of the Dungeon
  7496 | D:10     | Reached XP level 11. HP: 96/99 MP: 5/5
  7666 | D:10     | Noticed a hill giant
  7681 | D:10     | Killed a hill giant
  7796 | D:10     | Noticed a hill giant
  7831 | D:10     | Killed a hill giant
  7842 | D:10     | Killed an unseen horror
  7868 | D:10     | Reached ***** piety under Makhleb
  7868 | D:10     | Reached skill level 10 in Shields
  8145 | D:10     | Killed an unseen horror
  8353 | Lair:1   | Entered Level 1 of the Lair of Beasts
  9466 | Lair:2   | Noticed Fannar
  9483 | Lair:2   | Killed Fannar
  9749 | Lair:2   | Reached skill level 10 in Axes
  9749 | Lair:2   | Reached skill level 1 in Invocations
  9973 | Lair:2   | Noticed a five-headed hydra
  9983 | Lair:2   | Killed a five-headed hydra
 10177 | Lair:3   | Noticed a catoblepas
 10191 | Lair:3   | Gained mutation: You expend magic power (3 MP) to strengthen your wands. [a neqoxec]
 10199 | Lair:3   | Killed a catoblepas
 10325 | Lair:3   | Noticed Rupert
 10377 | Lair:3   | Killed Rupert
 10377 | Lair:3   | Reached XP level 12. HP: 110/110 MP: 3/3
 10546 | Lair:3   | Reached skill level 5 in Evocations
 10861 | Lair:3   | Noticed a five-headed hydra
 11036 | Lair:2   | Lost mutation: You expend magic power (3 MP) to strengthen your wands. [potion of cure mutation]
 11068 | Lair:2   | Reached skill level 11 in Shields
 11083 | Lair:2   | Killed a 12-headed hydra
 11141 | Lair:3   | Reached skill level 10 in Dodging
 11611 | Lair:4   | Noticed a four-headed hydra
 11661 | Lair:3   | HP: 5/110 [12-headed hydra (5)]
 11663 | Lair:3   | Mangled by a 12-headed hydra

Vault maps used:
D:1:      evilmike_arrival_plus
D:2:      first_bread, uniq_sigmund
D:3:      bloody_trog, overflow_temple_1_default, kennysheep_cross_room,
          uniq_robin, uniq_crazy_yiuf_cottage
D:4:      uniq_pikel, uniq_natasha
D:5:      serial_shops, shop, basic_altar, fedhas_altar_2
D:6:      cheibriados_altar_wand_db, kennysheep_mini,
          minmay_temple_entry_junction, uniq_eustachio, uniq_duvessa
D:7:      nicolae_dithmenos_through_a_glass_darkly,
          nicolae_gozag_cash_rules_everything_around_me,
          nicolae_overflow_crystal_walls
D:8:      serial_column_ruins, column_ruins_circle_small,
          column_ruins_hut_pillars, column_ruins_grid_1, column_ruins_open_tiny,
          column_ruins_open_tiny, column_ruins_columns_straight,
          column_ruins_corridor_straight, column_ruins_corridor_corner,
          uniq_gastronok
D:9:      minmay_klotski, old_standard_altar, david_orc_4,
          nemelex_diamond_rough_becter
D:11:     lab_entry_generic, uniq_erolcha, uniq_urug
Temple:   eino_temple_water_12
Lair:2:   uniq_fannar
Lair:3:   grunt_megastairs_4, infiniplex_staircase_pool_2, uniq_rupert
Lair:4:   minmay_shoals_entry_lonely_mermaid, guppyfry_snake_entry_island,
          serial_bayou_lagoon_a, wad_woods_road_01, minivault_27

Skill      XL: |  1  2  3  4  5  6  7  8  9 10 11 12 |
---------------+-------------------------------------+-----
Fighting       | 3 4 5 6 7 8 |  8.0
Armour         | 4 5 6 7 9 |  9.3
Shields        | 4 5 6 8 9 10 11 | 11.1
Dodging        | 2 4 5 7 8 9 10 | 10.0
Axes           | 3 4 6 7 9 10 | 10.7
Evocations     | 1 2 3 4 5 |  5.5
Stealth        | 1 2 |  2.1
Invocations    | 2 3 |  3.9

Action                   |  1- 3 |  4- 6 |  7- 9 | 10-12 || total
-------------------------+-------+-------+-------+-------++-------
Melee: War axe           |    83 |   204 |   336 |   681 ||  1304
Invok: Lesser Servant of |       |       |       |    15 ||    15
 Abil: Device Recharging |       |     3 |     4 |     8 ||    15
Evoke: Wand              |       |    11 |    25 |    74 ||   110
  Use: Scroll            |       |     9 |     5 |     9 ||    23
       Potion            |       |     2 |     2 |    18 ||    22
 Stab: Distracted        |       |       |       |     1 ||     1
  Eat: Bread ration      |       |     1 |     1 |     1 ||     3
       Meat ration       |       |     1 |     1 |     4 ||     6
Armor: Scale mail        |    53 |    90 |   233 |   269 ||   645
Dodge: Dodged            |    36 |    64 |   295 |   567 ||   962
Block: Shield            |    72 |   114 |   334 |   595 ||  1115
